 Dungeon Crawl Stone Soup version 0.22-a0-439-gac93bac (webtiles) character file.

96185 Mgcat the Executioner (level 16, -8/146 HPs)
             Began as a Hill Orc Berserker on May 29, 2018.
             Was a High Priest of Trog.
             Mangled by a shambling mangrove (18 damage)
             ... on level 2 of the Swamp.
             The game lasted 00:59:13 (19600 turns).

Mgcat the Executioner (Hill Orc Berserker)         Turns: 19600, Time: 00:59:14

Health: -8/146     AC: 26    Str: 25    XL:     16   Next: 16%
Magic:  6/6        EV: 10    Int:  7    God:    Trog [*****.]
Gold:   2506       SH:  0    Dex: 12    Spells: 15/15 levels left

rFire    . . .     SeeInvis .   E - +9 executioner's axe (antimagic)
rCold    + . .     Gourm    .   (shield currently unavailable)
rNeg     . . .     Faith    .   i - +2 plate armour {rC+}
rPois    .         Spirit   .   g - +1 helmet
rElec    .         Reflect  .   b - +1 cloak
rCorr    .         Harm     .   j - +1 pair of gloves
MR       ++++.     Clarity  +   I - +0 pair of boots
Stlth    ..........             (no amulet)
HPRegen  1.34/turn              y - ring of protection from magic {MR+, !d}
MPRegen  0.10/turn              r - +3 ring of evasion

@: lethally poisoned (-8 -> -8), grasped by roots, berserk cooldown,
regenerating, slowed, very slow
A: thin skeletal structure 1, clarity, clumsy 1, wild magic 1
a: Berserk, Trog's Hand, Brothers in Arms, Renounce Religion


You were on level 2 of the Swamp.
You worshipped Trog.
Trog was extremely pleased with you.
You were hungry.

You visited 4 branches of the dungeon, and saw 25 of its levels.
You also visited: Bailey.

You collected 2506 gold pieces.

Inventory:

Hand Weapons
 E - a +9 antimagic executioner's axe (weapon)
   (Trog gifted it to you on level 12 of the Dungeon)
 K - the +3 war axe of Xoawkuij {vamp, +Fly rElec rC+ rN+}
   (Trog gifted it to you on level 13 of the Dungeon)

   It inflicts no extra harm, but heals its wielder when it wounds a living foe.
   It protects you from cold.
   It insulates you from electricity.
   It protects you from negative energy.
   It lets you fly.
Missiles
 G - 6 curare-tipped needles
Armour
 b - a +1 cloak (worn)
   (You found it on level 5 of the Dungeon)
 g - a +1 helmet (worn)
   (You found it on level 14 of the Dungeon)
 i - a +2 plate armour of cold resistance (worn)
   (You took it off an orc warlord on level 2 of the Orcish Mines)
 j - a +1 pair of gloves (worn)
   (You found it on level 7 of the Dungeon)
 I - a +0 pair of boots (worn)
   (You found it on level 1 of the Swamp)
Jewellery
 a - an uncursed ring of positive energy {rN+}
   (You found it on level 9 of the Dungeon)
 r - a +3 ring of evasion (right hand)
   (You found it on level 9 of the Dungeon)
 y - a ring of protection from magic (left hand) {MR+, !d}
   (You found it on level 6 of the Lair of Beasts)
Wands
 m - a wand of iceblast (3)
   (You found it on level 10 of the Dungeon)
 t - a wand of enslavement (18)
   (You found it on level 8 of the Dungeon)
 C - a wand of polymorph (36)
   (You found it on level 14 of the Dungeon)
Scrolls
 e - 16 scrolls of identify
 f - 10 scrolls of remove curse
 h - 9 scrolls of teleportation
 v - a scroll of fear
 D - a scroll of magic mapping {!r}
 F - a scroll of enchant weapon
Potions
 d - a potion of invisibility {unknown}
 k - a potion of cancellation
 l - 12 potions of curing
 n - 2 potions of might
 o - 3 potions of ambrosia
 p - 5 potions of flight
 q - a potion of mutation {!q}
 s - 3 potions of resistance
 u - a potion of experience {unknown}
 w - 2 potions of lignification {unknown}
 z - a potion of heal wounds
 A - 2 potions of agility
 B - 4 potions of haste
Miscellaneous
 x - a phial of floods (inert)
   (You found it on level 1 of the Lair of Beasts)
Comestibles
 c - 16 rations
 H - 3 chunks of flesh {@w0}


   Skills:
 + Level 14.0 Fighting
 + Level 24.2 Axes
 + Level 11.0 Armour
 + Level 9.4 Dodging
 - Level 5.0 Evocations


You had 15 spell levels left.
You didn't know any spells.
Your spell library was empty.

Dungeon Overview and Level Annotations

Branches:
Dungeon (15/15)              Lair (6/6) D:11          Swamp (2/4) Lair:3
 Spider (0/4) Lair:2        Slime (0/5) Lair:5          Orc (2/2) D:11
    Elf (0/3) Orc:2        Vaults (0/5) D:13         Depths (0/5) D:15
 Temple: D:4-7

Altars:
Ashenzari
Fedhas
Makhleb
Okawaru
Sif Muna
Trog
Uskayaw
Wu Jian
Yredelemnul
Beogh

Shops:
Orc:2 (:!*[

Portals:
Trove: D:10 (show slimy rune of Zot)

Annotations:
Lair:5 1 exclusion


Innate Abilities, Weirdness & Mutations

You have a somewhat thin skeletal structure. (Dex +2, Stealth)
You possess an exceptional clarity of mind.
You are clumsy. (Dex -2)
Your spells are a little harder to cast, but a little more powerful.


Message History

The hornet closely misses you.
You miss the hornet.
The hornet is heavily wounded.
The hornet barely misses you.
The hornet stings you but does no damage.
You slice the hornet!!
You kill the hornet!
Trog accepts your kill.
Your Armour skill increases to level 11!
A shambling mangrove comes into view.
You slice the tyrant leech!!
The tyrant leech is moderately wounded.
The tyrant leech bites you but does no damage.
The shambling mangrove reaches out with a gnarled limb.
Grasping roots rise from the ground around the shambling mangrove!
You barely miss the tyrant leech.
The tyrant leech is moderately wounded.
You are feeling hungry.
Roots grasp at your feet, making movement difficult.
The tyrant leech bites you!!
The tyrant leech draws strength from your injuries!
You hit the tyrant leech but do no damage.
The tyrant leech is moderately wounded.
The tyrant leech barely misses you.
You slice the tyrant leech!!
The tyrant leech is heavily wounded.
The tyrant leech bites you but does no damage.
You slash the tyrant leech!
The tyrant leech is severely wounded.
The tyrant leech bites you!!
The tyrant leech draws strength from your injuries!
You slice the tyrant leech!!
The tyrant leech is almost dead.
The tyrant leech barely misses you.
You barely miss the tyrant leech.
The tyrant leech is almost dead.
The tyrant leech bites you but does no damage.
You slash the tyrant leech!
The tyrant leech is almost dead.
The tyrant leech bites you but does no damage.
You slice the shambling mangrove!!
The shambling mangrove is moderately damaged.
You slice the tyrant leech!!
You kill the tyrant leech!
Trog accepts your kill. The shambling mangrove hits you!
You slice the shambling mangrove!!
The shambling mangrove is heavily damaged.
Angry insects surge out from beneath the shambling mangrove's foliage!
The shambling mangrove closely misses you.
You completely miss the shambling mangrove.
The shambling mangrove is heavily damaged.
The shambling mangrove hits you!!
* * * LOW HITPOINT WARNING * * *
Your skin crawls.
You feel resistant to hostile enchantments.
You feel somewhat more hungry. The hornet stings you.
* * * LOW HITPOINT WARNING * * *
You suddenly lose the ability to move!
The hornet stings you but does no damage.
The hornet stings you.
* * * LOW HITPOINT WARNING * * *
You feel as though you will be slow longer.
The hornet stings you but does no damage.
The shambling mangrove hits you but does no damage.
The hornet stings you but does no damage.
The hornet stings you!
* * * LOW HITPOINT WARNING * * *
You feel as though you will be slow longer.
The hornet stings you.
* * * LOW HITPOINT WARNING * * *
You are poisoned.
You feel as though you will be slow longer.
The hornet stings you.
* * * LOW HITPOINT WARNING * * *
You are more poisoned.
You feel as though you will be slow longer.
The shambling mangrove hits you!
* * * LOW HITPOINT WARNING * * *
You can move again.
Unknown command.
Unknown command.
Unknown command.
Unknown command.
Unknown command.
Unknown command.
As you read the scroll of fear, it crumbles to dust.
You assume a fearsome visage.
The hornet looks frightened! x2
The shambling mangrove is unaffected.
You feel very sick.
The shambling mangrove completely misses you.
You feel very sick.
The shambling mangrove hits you but does no damage. x2
Items here: )) [ ††††† You feel sick.
There is a stone staircase leading up, spattered with blood here.
You feel sick. The shambling mangrove hits you.
* * * LOW HITPOINT WARNING * * *
The shambling mangrove hits you!!
You die...

.≈♣.♣ ...≈♣♣♣
..≈§..♣♣
♣.≈.≈..♣♣♣
♣.♣.§≈...♣♣
♣.≈.§≈.≈..♣♣♣
♣.≈≈≈§§≈≈[..♣♣
♣.§≈..†♣†≈≈≈.♣.♣
♣.§.♣♣)f@≈≈≈....
♣.≈≈ ♣♣♣..≈≈..≈.
♣♣. ♣♣≈≈...≈. ♣
♣≈≈≈≈.. .≈.>..
♣≈...≈ ≈≈..≈
..♣..


You could see a shambling mangrove.

Vanquished Creatures
  2 orc warlords (Orc:2)
  2 fire dragons
  5 hydras
  2 ice dragons
  4 centaur warriors
  3 tengu warriors
  16 two-headed ogres
  2 orc high priests (Orc:2)
  5 death yaks (Lair:6)
  Urug (D:12)
  4 skeletal warriors (D:12)
  An unseen horror (D:14)
  A spriggan druid (Swamp:2)
  2 swamp dragons
  A lindwurm (Lair:6)
  7 orc knights
  A deep elf mage (D:13)
  Pikel (D:5)
  3 orc sorcerers
  A cyclops (D:11)
  5 manticores
  4 elephants (Lair:5)
  18 ugly things
  4 black mambas
  5 torpor snails (Lair:6)
  A gargoyle (D:13)
  A kobold demonologist (D:12)
  7 rime drakes
  6 spiny frogs
  6 komodo dragons
  2 tengu conjurers
  A redback zombie (D:15)
  5 tyrant leeches
  2 polar bears (Lair:6)
  8 trolls
  9 hornets
  13 hippogriffs
  Prince Ribbit (D:9)
  14 blink frogs
  A meliai zombie (D:15)
  3 slime creatures (D:15)
  3 wraiths
  2 shadows
  2 spriggans (Swamp:2)
  Eustachio (D:6)
  2 wyverns
  21 yaks
  A steam dragon (Lair:6)
  A hungry ghost (D:7)
  3 basilisks
  3 swamp worms (Swamp:1)
  3 vampire mosquitoes
  6 wargs
  A warg (shapeshifter) (D:13)
  4 insubstantial wisps (Lair:3)
  2 acid dragons
  2 hell hounds (D:11)
  8 porcupines
  3 swamp drakes
  10 water moccasins
  35 orc warriors
  3 ice beasts
  5 sky beasts
  A slave (D:5)
  5 black bears
  A hornet zombie (D:12)
  5 necrophages
  3 eyes of draining
  7 ogres
  A phantom (D:7)
  17 wolves
  2 boggarts (D:15)
  10 centaurs
  9 crocodiles
  2 big kobolds (D:7)
  14 bullfrogs
  A wyvern skeleton (D:14)
  A scorpion (D:12)
  A water moccasin zombie (D:9)
  4 killer bees (D:12)
  14 wights
  6 jellies
  A howler monkey (D:9)
  4 crimson imps
  A bullfrog zombie (D:11)
  9 hounds
  A quasit (D:11)
  30 orc wizards
  8 centaur skeletons
  20 orc priests
  2 bullfrog skeletons (D:12)
  4 iguanas
  8 worker ants
  2 hound zombies
  A hound skeleton (D:8)
  10 adders
  3 shadow imps
  5 oozes
  A worm (D:2)
  109 orcs
  A ball python (D:3)
  2 giant cockroaches
  5 goblins
  A hobgoblin (D:1)
  4 jackals (D:9)
  3 quokkas
  5 bats
  3 frilled lizards
  22 kobolds
  A quokka skeleton (D:9)
  A rat (D:3)
  2 fungi
  5 plants
679 creatures vanquished.

Vanquished Creatures (collateral kills)
  2 hydras
  A vault guard (D:13)
  A centaur warrior (D:13)
  A skeletal warrior (D:12)
  An orb spider (Lair:2)
  6 slime creatures
  A hippogriff (D:13)
  A hungry ghost (D:12)
  2 boggarts (D:15)
  A bullfrog zombie (D:11)
17 creatures vanquished.

Vanquished Creatures (others)
  A blink frog (Lair:5)
  2 fungi
  19 plants (Lair:6)
22 creatures vanquished.

Grand Total: 718 creatures vanquished

Notes
Turn   | Place    | Note
-------+----------+-------------------------------------------
     0 | D:1      | Mgcat the Hill Orc Berserker began the quest for the Orb.
     0 | D:1      | Reached XP level 1. HP: 19/19 MP: 1/1
   149 | D:1      | Reached XP level 2. HP: 20/26 MP: 2/2
   363 | D:2      | Reached skill level 5 in Axes
   419 | D:3      | Reached XP level 3. HP: 31/31 MP: 3/3
   617 | D:2      | Reached skill level 6 in Axes
   658 | D:2      | Reached XP level 4. HP: 37/39 MP: 4/4
   665 | D:2      | Reached ** piety under Trog
   838 | D:5      | Entered Level 5 of the Dungeon
   899 | D:5      | Noticed a slave
   899 | D:5      | Noticed a slave
   900 | D:5      | Noticed Pikel
   912 | D:5      | Noticed a slave
   915 | D:5      | Killed a slave
   936 | D:5      | Killed Pikel
   936 | D:5      | Reached skill level 10 in Axes
   936 | D:5      | Reached XP level 5. HP: 41/45 MP: 5/5
   936 | D:5      | Reached XP level 6. HP: 47/51 MP: 6/6
   936 | D:5      | Reached XP level 7. HP: 53/57 MP: 7/7
   982 | D:6      | HP: 13/85 [ogre/giant club (18)]
  1233 | D:6      | Noticed Eustachio
  1240 | D:6      | Killed Eustachio
  1240 | D:6      | Reached skill level 11 in Axes
  1369 | D:7      | Found a flagged portal.
  1386 | Bailey   | Entered a bailey
  1471 | D:7      | Reached XP level 8. HP: 64/64 MP: 8/8
  1515 | D:7      | Reached skill level 12 in Axes
  1719 | D:7      | Reached skill level 13 in Axes
  1809 | D:7      | Noticed a two-headed ogre
  1817 | D:7      | Killed a two-headed ogre
  1817 | D:7      | Reached skill level 14 in Axes
  1817 | D:7      | Reached XP level 9. HP: 65/70 MP: 9/9
  1907 | D:7      | Reached skill level 4 in Fighting
  1925 | D:7      | Reached skill level 5 in Fighting
  1939 | D:7      | HP: 15/74 [yak (5)]
  1942 | D:7      | Gained mutation: You are clumsy. (Dex -2) [potion of mutation]
  1942 | D:7      | Gained mutation: Your spells are a little harder to cast, but a little more powerful. [potion of mutation]
  1942 | D:7      | Gained mutation: You possess an exceptional clarity of mind. [potion of mutation]
  1942 | D:7      | Gained mutation: You have a somewhat thin skeletal structure. (Dex +2, Stealth) [potion of mutation]
  1943 | D:7      | Reached skill level 3 in Armour
  1948 | D:7      | HP: 17/74 [yak (4)]
  1973 | D:7      | Reached skill level 4 in Armour
  2240 | D:8      | Reached skill level 5 in Armour
  2242 | D:8      | Reached skill level 2 in Dodging
  2246 | D:8      | Reached skill level 3 in Dodging
  2250 | D:8      | Reached skill level 4 in Dodging
  2250 | D:8      | Reached XP level 10. HP: 71/81 MP: 10/10
  2407 | D:8      | Noticed a two-headed ogre
  2413 | D:8      | Killed a two-headed ogre
  2413 | D:8      | Reached *** piety under Trog
  2413 | D:8      | Reached skill level 5 in Dodging
  2513 | D:8      | Reached skill level 15 in Axes
  2560 | D:8      | Noticed a manticore
  2573 | D:8      | Killed a manticore
  2726 | D:8      | Found a shattered altar of Ashenzari.
  2726 | D:8      | Found a deep blue altar of Sif Muna.
  2805 | D:8      | Noticed a two-headed ogre
  2818 | D:8      | Killed a two-headed ogre
  2818 | D:8      | Reached skill level 16 in Axes
  3651 | D:9      | Found an iron altar of Okawaru.
  3653 | D:9      | Found a bloodstained altar of Trog.
  3660 | D:9      | Found a burning altar of Makhleb.
  3662 | D:9      | Found an ornate altar of the Wu Jian Council.
  3662 | D:9      | Found a hide-covered altar of Uskayaw.
  3663 | D:9      | Found a basalt altar of Yredelemnul.
  3682 | D:9      | Noticed Prince Ribbit
  3689 | D:9      | Killed Prince Ribbit
  3711 | D:9      | Noticed a two-headed ogre
  3729 | D:9      | Killed a two-headed ogre
  3729 | D:9      | Reached skill level 17 in Axes
  3729 | D:9      | Reached XP level 11. HP: 84/86 MP: 11/11
  4070 | D:9      | Noticed a two-headed ogre
  4077 | D:9      | Killed a two-headed ogre
  4077 | D:9      | Reached skill level 18 in Axes
  4461 | D:9      | Paralysed by a hornet for 1 turns
  4469 | D:9      | Paralysed by a hornet for 3 turns
  4768 | D:9      | Noticed a two-headed ogre
  4777 | D:9      | Killed a two-headed ogre
  4891 | D:10     | Entered Level 10 of the Dungeon
  4891 | D:10     | Noticed a two-headed ogre
  4891 | D:10     | Noticed a two-headed ogre
  4899 | D:10     | Killed a two-headed ogre
  4908 | D:10     | Killed a two-headed ogre
  4908 | D:10     | Reached **** piety under Trog
  4908 | D:10     | Reached skill level 19 in Axes
  5363 | D:10     | Found a portal to a secret trove of treasure.
  5453 | D:11     | Noticed a cyan ugly thing
  5471 | D:11     | Killed a cyan ugly thing
  5615 | D:11     | Noticed a four-headed hydra
  5627 | D:11     | Killed a seven-headed hydra
  5627 | D:11     | Reached skill level 20 in Axes
  5627 | D:11     | Reached XP level 12. HP: 49/93 MP: 12/12
  5758 | D:11     | Reached skill level 6 in Fighting
  5907 | D:11     | Found a bloodstained altar of Trog.
  6124 | D:11     | Reached skill level 7 in Fighting
  6307 | D:11     | Found a staircase to the Lair.
  6348 | Lair:1   | Entered Level 1 of the Lair of Beasts
  6437 | Lair:1   | Reached skill level 8 in Fighting
  6498 | Lair:1   | Reached skill level 9 in Fighting
  6929 | Lair:2   | Noticed a six-headed hydra
  6936 | Lair:2   | Killed a six-headed hydra
  6936 | Lair:2   | Reached skill level 10 in Fighting
  7225 | Lair:4   | Reached skill level 1 in Evocations
  7241 | Lair:4   | Reached skill level 6 in Dodging
  7259 | Lair:4   | Reached skill level 6 in Armour
  7447 | Lair:4   | Reached skill level 2 in Evocations
  8234 | Lair:4   | Reached XP level 13. HP: 72/114 MP: 14/14
  8413 | Lair:5   | Found a staircase to the Slime Pits.
  8421 | Lair:5   | Reached ***** piety under Trog
  8654 | Lair:5   | Reached skill level 11 in Fighting
  8654 | Lair:5   | Reached skill level 3 in Evocations
  8784 | Lair:5   | Reached skill level 7 in Armour
  9177 | Lair:6   | Entered Level 6 of the Lair of Beasts
  9187 | Lair:6   | Found a blossoming altar of Fedhas.
  9274 | Lair:6   | Reached skill level 4 in Evocations
  9567 | Lair:6   | Reached skill level 7 in Dodging
 10183 | Lair:6   | Reached skill level 8 in Armour
 10247 | Lair:6   | Reached skill level 5 in Evocations
 10621 | Lair:6   | Reached skill level 12 in Fighting
 10996 | Lair:6   | Noticed a fire dragon
 11009 | Lair:6   | Killed a fire dragon
 11225 | Lair:6   | Paralysed by a hornet for 1 turns
 11228 | Lair:6   | Reached XP level 14. HP: 126/126 MP: 17/17
 11380 | Lair:6   | Found a runed door.
 11411 | Lair:6   | Reached skill level 21 in Axes
 12115 | Lair:3   | Found a staircase to the Swamp.
 12125 | Lair:3   | Reached skill level 9 in Armour
 12262 | D:11     | Reached skill level 8 in Dodging
 12914 | D:12     | Received a gift from Trog
 12974 | D:12     | Noticed Urug
 12985 | D:12     | Killed Urug
 13456 | D:11     | Found a staircase to the Orcish Mines.
 13461 | Orc:1    | Entered Level 1 of the Orcish Mines
 13834 | Orc:2    | Entered Level 2 of the Orcish Mines
 13853 | Orc:2    | Noticed an orc warlord
 13856 | Orc:2    | Reached skill level 22 in Axes
 13965 | Orc:2    | Killed an orc warlord
 14221 | Orc:2    | Noticed an orc warlord
 14240 | Orc:2    | Killed an orc warlord
 14304 | Orc:2    | Found a roughly hewn altar of Beogh.
 14313 | Orc:2    | Reached XP level 15. HP: 82/134 MP: 6/18
 14322 | Orc:2    | Found Togohyre's Antique Armour Shoppe.
 14484 | Orc:2    | Reached ****** piety under Trog
 14585 | Orc:2    | Found Riagair's General Store.
 14728 | Orc:2    | Found Zoemaozu's Book Shoppe.
 14769 | Orc:2    | Reached skill level 23 in Axes
 14780 | Orc:2    | Found Inoich's Antique Weapon Shoppe.
 14830 | Orc:2    | Found a roughly hewn altar of Beogh.
 14928 | Orc:2    | Found Lutsoraf's Distillery.
 15079 | Orc:2    | Found a staircase to the Elven Halls.
 15702 | D:14     | Received a gift from Trog
 16012 | D:14     | Reached skill level 13 in Fighting
 16060 | D:15     | Entered Level 15 of the Dungeon
 16501 | D:15     | Reached skill level 10 in Armour
 16892 | D:15     | Found a staircase to the Depths.
 17097 | D:15     | Reached skill level 24 in Axes
 17457 | D:15     | Reached skill level 9 in Dodging
 18289 | D:13     | Received a gift from Trog
 18514 | D:13     | Reached XP level 16. HP: 39/145 MP: 6/19
 18610 | D:13     | Found a gate to the Vaults.
 18995 | D:13     | Got an iridescent war axe {god gift}
 19000 | D:13     | Identified the +3 war axe of Xoawkuij {vamp, +Fly rElec rC+ rN+} (Trog gifted it to you on level 13 of the Dungeon)
 19256 | Lair:2   | Found a hole to the Spider Nest.
 19430 | Swamp:1  | Entered Level 1 of the Swamp
 19563 | Swamp:2  | Reached skill level 14 in Fighting
 19583 | Swamp:2  | Reached skill level 11 in Armour
 19595 | Swamp:2  | Paralysed by a hornet for 2 turns
 19595 | Swamp:2  | HP: 35/146 [hornet[a shambling mangrove] (3)]
 19596 | Swamp:2  | HP: 12/146 [shambling mangrove (10)]
 19600 | Swamp:2  | Mangled by a shambling mangrove

Vault maps used:
D:1:      dpeg_arrival_simpleton_c, item_on_display_a
D:2:      minmay_pentomino_o2
D:3:      minmay_joined_circles
D:4:      kennysheep_the_goblin_king, kennysheep_mini_moat, first_ration
D:5:      uniq_pikel
D:6:      minmay_temple_entry_overgrown, chequers_big_river,
          kennysheep_opposing_triangles, uniq_eustachio
D:7:      enter_bailey_3, the_bakery
D:8:      black_bear_nest_2, gammafunk_temple_overflow_wave
D:9:      grunt_temple_overflow_open, uniq_prince_ribbit1
D:10:     nicolae_trove_entry_crossroad
D:11:     minmay_lair_entry_lava, hiddenorc2_lemuel, basic_altar
D:12:     uniq_urug
D:13:     david_vaults_5
D:15:     grunt_enter_depths_hoard, minmay_misc_feat_hallway
Lair:1:   kennysheep_snail_temple, grunt_megastairs_3
Lair:2:   nicolae_spider_entry_orb_guardian
Lair:3:   minmay_swamp_entry_wisps, grunt_megastairs_4
Lair:4:   roderic_carrion_pond
Lair:5:   nicolae_slime_entry_slimehenge, minmay_lindwurm_lava
Lair:6:   wormcave, guppyfry_lair_end_dragon, basic_altar
Swamp:1:  evilmike_swamp_ruin_rubble_1, swamp_pool5, lemuel_altar_in_water2
Swamp:2:  evilmike_swamp_ruin_house_1
Orc:1:    mines4_lemuel, uniq_maurice
Orc:2:    grunt_orc_cross, serial_shops, shop, kennysheep_orc_chapel
Bailey:   bailey_polearm_flooded_kennysheep, bailey

Skill      XL: |  1  2  3  4  5  6  7  8  9 10 11 12 13 14 15 16 |
---------------+-------------------------------------------------+-----
Axes           | 5 6 10 11 14 17 20 22 24 | 24.2
Fighting       | 5 10 12 13 14 | 14.0
Armour         | 5 6 8 9 10 11 | 11.0
Dodging        | 4 5 6 7 8 9 |  9.4
Evocations     | 2 5 |  5.0

Action                   |  1- 3 |  4- 6 |  7- 9 | 10-12 | 13-15 | 16-18 || total
-------------------------+-------+-------+-------+-------+-------+-------++-------
Melee: Hand axe          |    64 |    59 |    14 |       |       |       ||   137
       War axe           |       |       |   200 |   300 |       |     4 ||   504
       Battleaxe         |       |       |       |   299 |   505 |       ||   804
       Executioner's axe |       |       |       |       |   620 |    96 ||   716
Invok: Berserk           |     4 |     1 |    10 |    20 |    23 |     1 ||    59
       Trog's Hand       |       |     2 |     3 |     7 |    16 |     2 ||    30
       Brothers in Arms  |       |       |       |       |     4 |       ||     4
Evoke: Wand              |       |       |       |    16 |    12 |       ||    28
       Phial of floods   |       |       |       |       |     1 |       ||     1
  Use: Potion            |       |     2 |     4 |       |     3 |       ||     9
       Scroll            |       |       |    11 |    12 |     8 |     3 ||    34
  Eat: Chunk             |     2 |     2 |    13 |    36 |    49 |     3 ||   105
       Ration            |       |       |     3 |     1 |     5 |     2 ||    11
Armor: Plate armour      |    40 |    34 |   102 |   293 |   454 |    46 ||   969
Dodge: Dodged            |    27 |    18 |    51 |   303 |   649 |    42 ||  1090

Table legend:
 A = Spawn XP
 B = Non-spawn XP
 C = Spawn XP percentage of total XP
 D = Spawn monster count
 E = Non-spawn monster count
 F = Spawn count percentage of total count
 G = Total turns spent on level
                    A         B        C        D         E        F      G
               +---------+---------+-------+---------+---------+-------+---------
         Total |       0 |  137408 |   0.0 |       0 |     689 |   0.0 | 19600
               +---------+---------+-------+---------+---------+-------+---------
           D:1 |       0 |      15 |   0.0 |       0 |       9 |   0.0 |   409
           D:2 |       0 |      52 |   0.0 |       0 |       8 |   0.0 |   199
           D:3 |       0 |      22 |   0.0 |       0 |       7 |   0.0 |   144
           D:4 |       0 |      22 |   0.0 |       0 |       3 |   0.0 |    86
           D:5 |       0 |     646 |   0.0 |       0 |       4 |   0.0 |   348
           D:6 |       0 |     330 |   0.0 |       0 |       2 |   0.0 |   134
           D:7 |       0 |    2457 |   0.0 |       0 |      36 |   0.0 |   823
           D:8 |       0 |    5063 |   0.0 |       0 |      40 |   0.0 |  1459
           D:9 |       0 |    4710 |   0.0 |       0 |      28 |   0.0 |  1469
          D:10 |       0 |    3885 |   0.0 |       0 |      16 |   0.0 |   455
          D:11 |       0 |    6475 |   0.0 |       0 |      66 |   0.0 |  1312
          D:12 |       0 |   10592 |   0.0 |       0 |      36 |   0.0 |  1171
          D:13 |       0 |   12579 |   0.0 |       0 |      66 |   0.0 |  1025
          D:14 |       0 |    8199 |   0.0 |       0 |      32 |   0.0 |   816
          D:15 |       0 |   19997 |   0.0 |       0 |      48 |   0.0 |  1704
        Lair:1 |       0 |    4431 |   0.0 |       0 |      26 |   0.0 |   597
        Lair:2 |       0 |    3748 |   0.0 |       0 |      13 |   0.0 |   570
        Lair:3 |       0 |    3460 |   0.0 |       0 |      15 |   0.0 |   508
        Lair:4 |       0 |    4721 |   0.0 |       0 |      23 |   0.0 |  1191
        Lair:5 |       0 |    5319 |   0.0 |       0 |      23 |   0.0 |   836
        Lair:6 |       0 |   19269 |   0.0 |       0 |      52 |   0.0 |  2484
       Swamp:1 |       0 |     786 |   0.0 |       0 |       4 |   0.0 |   128
       Swamp:2 |       0 |    3629 |   0.0 |       0 |      11 |   0.0 |    42
         Orc:1 |       0 |    3285 |   0.0 |       0 |      40 |   0.0 |   366
         Orc:2 |       0 |   13716 |   0.0 |       0 |      81 |   0.0 |  1316
               +---------+---------+-------+---------+---------+-------+---------

Vault maps used:
D:1:      dpeg_arrival_simpleton_c, item_on_display_a
D:2:      minmay_pentomino_o2
D:3:      minmay_joined_circles
D:4:      kennysheep_the_goblin_king, kennysheep_mini_moat, first_ration
D:5:      uniq_pikel
D:6:      minmay_temple_entry_overgrown, chequers_big_river,
          kennysheep_opposing_triangles, uniq_eustachio
D:7:      enter_bailey_3, the_bakery
D:8:      black_bear_nest_2, gammafunk_temple_overflow_wave
D:9:      grunt_temple_overflow_open, uniq_prince_ribbit1
D:10:     nicolae_trove_entry_crossroad
D:11:     minmay_lair_entry_lava, hiddenorc2_lemuel, basic_altar
D:12:     uniq_urug
D:13:     david_vaults_5
D:15:     grunt_enter_depths_hoard, minmay_misc_feat_hallway
Lair:1:   kennysheep_snail_temple, grunt_megastairs_3
Lair:2:   nicolae_spider_entry_orb_guardian
Lair:3:   minmay_swamp_entry_wisps, grunt_megastairs_4
Lair:4:   roderic_carrion_pond
Lair:5:   nicolae_slime_entry_slimehenge, minmay_lindwurm_lava
Lair:6:   wormcave, guppyfry_lair_end_dragon, basic_altar
Swamp:1:  evilmike_swamp_ruin_rubble_1, swamp_pool5, lemuel_altar_in_water2
Swamp:2:  evilmike_swamp_ruin_house_1
Orc:1:    mines4_lemuel, uniq_maurice
Orc:2:    grunt_orc_cross, serial_shops, shop, kennysheep_orc_chapel
Bailey:   bailey_polearm_flooded_kennysheep, bailey

Table legend:
 A = Turns spent in this place as a percentage of turns spent in the entire game.
 B = Non-inter-level travel turns spent in this place as a percentage of non-inter-level travel turns spent in the entire game.
 C = Inter-level travel turns spent in this place as a percentage of turns spent in this place.
 D = Turns resting spent in this place as a percentage of non-inter-level travel turns spent in this place.
 E = Turns spent auto-exploring this place as a percentage of non-inter-level travel turns spent in this place.
 F = Non-inter-level travel turns spent in this place divided by the number of levels of this place that you've seen.
                   A       B       C       D       E      F
               +-------+-------+-------+-------+-------+----------------------
         Total | 100.0 | 100.0 |   6.2 |  23.5 |  50.3 | 706.9
       Dungeon |  58.9 |  57.9 |   7.9 |  25.3 |  48.0 | 709.5
          Lair |  31.6 |  32.3 |   4.1 |  23.5 |  53.6 | 989.0
         Swamp |   0.9 |   0.9 |   6.5 |   0.0 |  45.3 |  79.5
  Orcish Mines |   8.6 |   8.9 |   2.7 |  14.5 |  54.1 | 818.0
        Bailey |   0.0 |   0.0 |   0.0 |   0.0 |   0.0 |   8.0
               +-------+-------+-------+-------+-------+----------------------

Table legend:
 A = Kills in this place as a percentage of kills in entire the game.
 B = Kills by you in this place as a percentage of kills by you in the entire game.
 C = Kills by friends in this place as a percentage of kills by friends in the entire game.
 D = Other kills in this place as a percentage of other kills in the entire game.
 E = Experience gained in this place as a percentage of experience gained in the entire game.
 F = Experience gained in this place divided by the number of levels of this place that you have seen.
                   A       B       C       D       E      F
               +-------+-------+-------+-------+-------+----------------------
         Total | 100.0 | 100.0 | 100.0 | 100.0 | 100.0 | 5284.9
       Dungeon |  58.2 |  57.5 |  88.2 |   0.0 |  54.6 | 5002.9
          Lair |  22.1 |  22.2 |  11.8 | 100.0 |  29.8 | 6824.7
         Swamp |   2.2 |   2.2 |   0.0 |   0.0 |   3.2 | 2207.5
  Orcish Mines |  17.6 |  18.0 |   0.0 |   0.0 |  12.4 | 8500.5
               +-------+-------+-------+-------+-------+----------------------
